 Dungeon Crawl Stone Soup version 0.29.0-11-gd7f09526c8 (webtiles) character file.

Game seed: 6993348689804567618

743 Strat the Cleaver (level 8, -1/70 HPs)
             Began as a Meteoran Berserker on Sept 4, 2022.
             Was a Priest of Trog.
             Slain by a kobold brigand
             ... wielding a +0 short sword
              (5 damage)
             ... on level 6 of the Dungeon.
             The game lasted 00:07:50 (1425 turns).

Strat the Cleaver (Meteoran Berserker)              Turns: 1425, Time: 00:07:51

Health: -1/70      AC:  7    Str: 22    XL:     8   Next: 26%
Magic:  9/9        EV: 10    Int:  8    God:    Trog [***...]
Gold:   160        SH:  0    Dex: 13    Spells: 7/7 levels left

rFire   . . .      SeeInvis .   a - +0 hand axe (flame)
rCold   . . .      Faith    .   (no shield)
rNeg    . . .      Spirit   .   i - +0 scale mail
rPois   .          Reflect  .   (no helmet)
rElec   .          Harm     .   (no cloak)
rCorr   .          Rampage  .   (no gloves)
Will    +....                   (no boots)
Stlth   ..........              (no amulet)
HPRegen 0.21/turn               (no ring)
MPRegen 0.11/turn               (no ring)

@: on berserk cooldown, slowed, glowing, very slow
A: sense surroundings 1, otherworldly, glowing, explore regen
a: Renounce Religion, Berserk, Trog's Hand


You were on level 6 of the Dungeon.
You worshipped Trog.
Trog was most pleased with you.
You visited 1 branch of the dungeon, and saw 6 of its levels.

You collected 160 gold pieces.

Inventory:

Hand Weapons
 a - a +0 hand axe of flaming (weapon)
 g - a +4 hand axe
 o - a +0 morningstar
Missiles
 q - a throwing net (quivered)
Armour
 b - a +0 animal skin
 i - a +0 scale mail (worn)
 j - a +0 hat
Wands
 h - a wand of iceblast (2)
Scrolls
 d - 3 scrolls of teleportation
Potions
 c - 5 potions of curing
 e - 2 potions of heal wounds {unknown}
 f - a potion of mutation {unknown}
 l - a potion of cancellation {unknown}
 m - 2 potions of brilliance


   Skills:
 + Level 5.6 Fighting
 + Level 8.2 Axes
 + Level 4.9 Armour
 - Level 2.4 Dodging


You had 7 spell levels left.
You didn't know any spells.
Your spell library was empty.

Dungeon Overview and Level Annotations

Branches:
Dungeon (6/15) Zot: 2135   Temple (0/1) D:5

Altars:
Sif Muna

Shops:
D:3 *

Annotations:
D:2 Sigmund


Innate Abilities, Weirdness & Mutations

You passively map a small area around you.
You are easily found by Zot.
You glow in the dark.
You regain HP and MP as you explore.


Message History

a +0 giant spiked club; an ogre corpse You feel a strong urge to attack something.
You now have 160 gold pieces (gained 8).
A kobold brigand comes into view.
It is wielding a +0 short sword and quivering curare-tipped darts.
You closely miss the kobold brigand. The kobold brigand barely misses you.
You slash the kobold brigand! You burn the kobold brigand.
The kobold brigand is severely wounded.
You closely miss the kobold brigand.
The kobold brigand is severely wounded.
You are no longer berserk.
You are exhausted.
You feel yourself slow down.
The kobold brigand hits you with a +0 short sword.
* * * LOW HITPOINT WARNING * * *
You hit the kobold brigand. You burn the kobold brigand.
The kobold brigand is severely wounded.
You hear the slow hiss of a very distant avalanche of sand.
The kobold brigand hits you with a +0 short sword.
* * * LOW HITPOINT WARNING * * *
You hit the kobold brigand but do no damage.
The kobold brigand is severely wounded.
A kobold comes into view. It is wielding a +0 dagger.
The kobold brigand hits you but does no damage.
The kobold shouts!
You hit the kobold brigand. You burn the kobold brigand.
The kobold brigand is almost dead.
The kobold brigand hits you with a +0 short sword.
* * * LOW HITPOINT WARNING * * *
The kobold brigand closely misses you.
You hit the kobold brigand. You burn the kobold brigand.
The kobold brigand is almost dead.
The kobold brigand barely misses you.
You hit the kobold brigand but do no damage.
The kobold brigand is almost dead.
The kobold brigand hits you with a +0 short sword!
* * * LOW HITPOINT WARNING * * *
You closely miss the kobold brigand.
The kobold brigand is almost dead.
The kobold brigand hits you with a +0 short sword.
You die...

* * ####.# ###
, * ,
##...###..
###. , *,**
#.....#.## .#.
, ,
#(..#...#...#
..# , * * #..
#####...# ..#
, # ,
,#...#,..# ,
#.:...#.###.#
*##...###...##
,, ,,
#.###,#...@K#
, , .
#...#.).#K..#
, * *
#...#####,..#
, #.., , ,.# ,
* ##. , , #* *
, .* * , ,.. ,
* , * , ,, ,


You could see a kobold brigand and a kobold.

Vanquished Creatures
  A sky beast (D:6)
  2 ogres
  A phantom (D:5)
  2 scorpions
  A jelly (D:5)
  2 hounds (D:5)
  3 iguanas
  An orc wizard (D:3)
  3 gnolls (D:4)
  A white imp (D:5)
  A worm (D:3)
  13 orcs
  3 bats
  7 endoplasms
  4 goblins
  6 hobgoblins
  3 jackals (D:1)
  3 quokkas
  7 ball pythons
  3 frilled lizards
  4 kobolds
  3 rats
74 creatures vanquished.

Vanquished Creatures (others)
  A fungus (D:1)
  2 plants (D:1)
3 creatures vanquished.

Grand Total: 77 creatures vanquished

Notes
Turn   | Place    | Note
-------+----------+-------------------------------------------
     0 | D:1      | Strat the Meteoran Berserker began the quest for the Orb.
     0 | D:1      | Reached XP level 1. HP: 19/19 MP: 2/2
    92 | D:1      | Reached skill level 4 in Axes
    92 | D:1      | Reached XP level 2. HP: 13/26 MP: 3/3
   231 | D:2      | Reached XP level 3. HP: 31/31 MP: 4/4
   311 | D:2      | Reached ** piety under Trog
   366 | D:2      | Noticed Sigmund
   451 | D:3      | Found Xampitom's General Store.
   523 | D:3      | Reached skill level 5 in Axes
   523 | D:3      | Reached XP level 4. HP: 18/40 MP: 5/5
   748 | D:4      | Reached XP level 5. HP: 46/46 MP: 6/6
   810 | D:4      | Reached skill level 6 in Axes
   844 | D:4      | Found a shimmering blue altar of Sif Muna.
   853 | D:4      | Noticed an ogre
   981 | D:4      | Killed an ogre
   982 | D:4      | Reached skill level 7 in Axes
   982 | D:4      | Reached XP level 6. HP: 52/52 MP: 7/7
  1046 | D:5      | Entered Level 5 of the Dungeon
  1089 | D:5      | Reached XP level 7. HP: 59/60 MP: 8/8
  1151 | D:5      | Reached skill level 5 in Fighting
  1274 | D:5      | Found a staircase to the Ecumenical Temple.
  1335 | D:5      | Reached *** piety under Trog
  1385 | D:6      | Reached skill level 8 in Axes
  1385 | D:6      | Reached XP level 8. HP: 42/69 MP: 9/9
  1424 | D:6      | HP: 3/70 [kobold brigand/+0 short sword (7)]
  1425 | D:6      | Slain by a kobold brigand

Illustrated notes

Levels and vault maps discovered:
D:1:      scummos_arrival_simple_crosswalls, layout_basic,
          dreamdust_ecumenical_altar_hidden_monk_grotto,
          chequers_hall_statues_corner_a, minmay_tromino_v4_b
D:2:      layout_basic, basic_altar, uniq_sigmund, uniq_natasha, uniq_robin
D:3:      layout_basic, serial_shops, nicolae_shop_hallway_plus
D:4:      layout_gridville, mainiacjoe_overflow_catwalk
D:5:      layout_rooms, mainiacjoe_overflow_catwalk_spiral,
          minmay_temple_entry_overgrown
D:6:      nicolae_cairo_tiling, layout_loops_ring, nicolae_ossuary_entry_plus,
          kennysheep_generic_room_14

Skill      XL: |  1  2  3  4  5  6  7 |
---------------+----------------------+-----
Axes           | 4 5 7 8 |  8.2
Fighting       | 4 5 |  5.6
Armour         | 3 4 |  4.9
Dodging        | |  2.4

Action                   |  1- 3 |  4- 6 |  7- 9 || total
-------------------------+-------+-------+-------++-------
Melee: Hand axe          |   117 |    67 |    89 ||   273
       Punch             |       |     1 |       ||     1
Invok: Berserk           |     1 |     3 |     1 ||     5
Evoke: Wand              |       |     3 |     1 ||     4
  Use: Scroll            |       |     6 |       ||     6
       Potion            |       |     1 |     1 ||     2
Armor: Animal skin       |    26 |       |       ||    26
       Scale mail        |    39 |    29 |    18 ||    86
Dodge: Dodged            |    48 |    30 |    51 ||   129
